Workbook

Sheet ЛСР
B2: Локальный сметный расчет (ЛСР) №1
B3: Объект: «Жилой район «Преображенский» в г. Тюмени. Квартал 8. Участок 72:17:1313004:1005. Многоэтажный жилой дом с нежилыми помещениями ГП-72.214» Секция 1, 2
B4: Ведомость объемов работ и расхода материалов по работе: Черновая отделка полов и сопутствующим работам (согласно проекту шифр АР, стадия Р)
A6: № | B6: Наименование | C6: Артикул, марка, производитель | D6: Характеристика | E6: Ед. изм. | F6: Норма расхода | G6: Секция 1 | H6: Секция 2 | I6: Количество | J6: Цена за ед., руб | K6: Сумма, руб | L6: Примечание | M6: Форма закупа материала
A8: 09 | B8: Внутренняя отделка
A9: 09.01 | B9: Черновая отделка полов | K9: =SUM($K$85,$K$69,$K$10) -> 0
A10: 09.01.01 | B10: Устройство стяжки в квартирах и МОП | K10: =SUM($K$11) -> 0
A11: 09.01.01.00 | B11: Устройство стяжки в квартирах и МОП | K11: =SUM($K$61,$K$59,$K$50,$K$48,$K$40,$K$38,$K$29,$K$27,$K$25,$K$23,$K$20,$K$18,$K$14,$K$12) -> 0
B12: Работы: | K12: =SUM($K$13) -> 0
B13: Заделка тех. отверстий | E13: м3 | G13: 2.11 | H13: 3.87 | I13: =SUM($G$13:$H$13) -> 5.98 | J13: {=INDEX(Р[Цена за ед., руб],MATCH(1,IF(($B13=Р[Наименование])*($L13=Р[Примечание]),{1},($B13=Р[Наименование])*($L13=Р[Примечание])),0))} -> 0 | K13: =ROUND($I$13*$J$13,2) -> 0
B14: Материалы: | K14: =SUM($K$15:$K$17) -> 0
A15: 1 | B15: Арматура | D15: А500С Ø8 ГОСТ 34028-2016 | E15: т | F15: 1.03 | G15: 0.039 | H15: 0.069 | I15: =SUM($G$15:$H$15) -> 0.108 | J15: =VLOOKUP(B15,М[],6,0) -> 0 | K15: =ROUND($I$15*$J$15,2) -> 0 | M15: Закупка подрядчик
A16: 2 | B16: Бетон БСТ B20 | D16: БСТ B20 | E16: м3 | F16: 1.015 | G16: 2.15 | H16: 3.93 | I16: =SUM($G$16:$H$16) -> 6.08 | J16: =VLOOKUP(B16,М[],6,0) -> 0 | K16: =ROUND($I$16*$J$16,2) -> 0 | M16: Закупка подрядчик
A17: 3 | B17: Сетка кладочная сварная Вр-1 50х50х2 | D17: кладочная сварная Вр-1 50х50х2 | E17: м2 | F17: 1.1 | G17: 12.9 | H17: 23.65 | I17: =SUM($G$17:$H$17) -> 36.55 | J17: =VLOOKUP(B17,М[],6,0) -> 0 | K17: =ROUND($I$17*$J$17,2) -> 0 | M17: Закупка подрядчик
B18: Работы: | K18: =SUM($K$19) -> 0
B19: Изоляция для стяжки | E19: м2 | G19: 930.05 | H19: 1644.26 | I19: =SUM($G$19:$H$19) -> 2574.31 | J19: {=INDEX(Р[Цена за ед., руб],MATCH(1,IF(($B19=Р[Наименование])*($L19=Р[Примечание]),{1},($B19=Р[Наименование])*($L19=Р[Примечание])),0))} -> 0 | K19: =ROUND($I$19*$J$19,2) -> 0 | L19: С заведением на стены 300 мм за 2 раза
B20: Материалы: | K20: =SUM($K$21:$K$22) -> 0
A21: 1 | B21: Лента гидроизоляционная 120х70мм | D21: 120х70мм | E21: пог. м | F21: 1.05 | G21: =(1.05+0.222)*G19 -> 1183.0236 | H21: =(1.05+0.247)*H19 -> 2132.6052 | I21: =SUM($G$21:$H$21) -> 3315.6288 | J21: =VLOOKUP(B21,М[],6,0) -> 0 | K21: =ROUND($I$21*$J$21,2) -> 0 | M21: Закупка подрядчик
A22: 2 | B22: Гидроизоляция обмазочная цементная | C22: CR 65 Waterproof, Ceresit | D22: обмазочная цементная | E22: кг | F22: 4 | G22: 3720.2 | H22: 6577.04 | I22: =SUM($G$22:$H$22) -> 10297.24 | J22: =VLOOKUP(B22,М[],6,0) -> 0 | K22: =ROUND($I$22*$J$22,2) -> 0 | L22: CR 65 Waterproof, Ceresit | M22: Закупка подрядчик
B23: Работы: | K23: =SUM($K$24) -> 0
B24: Устройство сетки | E24: м2 | G24: 1757.86 | H24: 3167.81 | I24: =SUM($G$24:$H$24) -> 4925.67 | J24: {=INDEX(Р[Цена за ед., руб],MATCH(1,IF(($B24=Р[Наименование])*($L24=Р[Примечание]),{1},($B24=Р[Наименование])*($L24=Р[Примечание])),0))} -> 0 | K24: =ROUND($I$24*$J$24,2) -> 0
B25: Материалы: | K25: =SUM($K$26) -> 0
A26: 1 | B26: Сетка ЦПВС оцинк. 20х0,7х0,3 | D26: ЦПВС оцинк. 20х0,7х0,3 | E26: м2 | F26: 1.05 | G26: 1845.78 | H26: 3326.3 | I26: =SUM($G$26:$H$26) -> 5172.08 | J26: =VLOOKUP(B26,М[],6,0) -> 0 | K26: =ROUND($I$26*$J$26,2) -> 0 | M26: Закупка подрядчик
B27: Работы: | K27: =SUM($K$28) -> 0
B28: Устройство стяжки - тип 1 | E28: м2 | G28: 4079.02 | H28: 7326.59 | I28: =SUM($G$28:$H$28) -> 11405.61 | J28: {=INDEX(Р[Цена за ед., руб],MATCH(1,IF(($B28=Р[Наименование])*($L28=Р[Примечание]),{1},($B28=Р[Наименование])*($L28=Р[Примечание])),0))} -> 0 | K28: =ROUND($I$28*$J$28,2) -> 0 | L28: Тип 1 - вспененный полиэтилен + стяжка + краевая изоляция. Помещения квартир: коридоры, кухни, комнаты, прихожие, лоджии (теплые) типовой этаж - 80 мм
B29: Материалы: | K29: =SUM($K$30:$K$37) -> 0
A30: 1 | B30: Лента клейкая армированная ТПЛ 48мм | D30: армированная ТПЛ 48мм | E30: м | F30: 1.05 | G30: 7698.02 | H30: 14311.75 | I30: =SUM($G$30:$H$30) -> 22009.77 | J30: =VLOOKUP(B30,М[],6,0) -> 0 | K30: =ROUND($I$30*$J$30,2) -> 0 | M30: Закупка подрядчик
A31: 2 | B31: Цемент ПЦ-400 Д20 | D31: ПЦ-400 Д20 | E31: кг | F31: 460 | G31: 150130.2 | H31: 269622.59 | I31: =SUM($G$31:$H$31) -> 419752.79 | J31: =VLOOKUP(B31,М[],6,0) -> 0 | K31: =ROUND($I$31*$J$31,2) -> 0 | M31: Закупка подрядчик
A32: 3 | B32: Песок среднезернистый МК 1,7-2,0; ГЧ до 3% | D32: среднезернистый МК 1,7-2,0; ГЧ до 3% | E32: т | F32: 1.723 | G32: 562.21 | H32: 1009.66 | I32: =SUM($G$32:$H$32) -> 1571.87 | J32: =VLOOKUP(B32,М[],6,0) -> 0 | K32: =ROUND($I$32*$J$32,2) -> 0 | M32: Закупка подрядчик
A33: 4 | B33: Полиэтилен вспененный химически сшитый 10мм | D33: химически сшитый 10мм | E33: м2 | F33: 1.05 | G33: 4282.96 | H33: 7692.91 | I33: =SUM($G$33:$H$33) -> 11975.87 | J33: =VLOOKUP(B33,М[],6,0) -> 0 | K33: =ROUND($I$33*$J$33,2) -> 0 | M33: Закупка подрядчик
A34: 5 | B34: Герметик акриловый | D34: акриловый | E34: туб. | F34: 2.1 | G34: 194 | H34: 340 | I34: =SUM($G$34:$H$34) -> 534 | J34: =VLOOKUP(B34,М[],6,0) -> 0 | K34: =ROUND($I$34*$J$34,2) -> 0 | L34: Стиз В, туба - 600 мл - наносится внутри квартиры у оконного блока открытого балкона | M34: Закупка подрядчик
A35: 6 | B35: Фиброволокно полипропиленовое 12мм | D35: полипропиленовое 12мм | E35: кг | F35: 0.4 | G35: 130.57 | H35: 234.46 | I35: =SUM($G$35:$H$35) -> 365.03 | J35: =VLOOKUP(B35,М[],6,0) -> 0 | K35: =ROUND($I$35*$J$35,2) -> 0 | M35: Закупка подрядчик
A36: 7 | B36: Лента кромочная демпферная 8х100мм 20м | D36: 8х100мм 20м | E36: шт | F36: 1.05 | G36: 220 | H36: 418 | I36: =SUM($G$36:$H$36) -> 638 | J36: =VLOOKUP(B36,М[],6,0) -> 0 | K36: =ROUND($I$36*$J$36,2) -> 0 | M36: Закупка подрядчик
A37: 8 | B37: Пластификатор противоморозный | D37: противоморозный | E37: л (дм3) | F37: 1 | G37: 326.37 | H37: 586.15 | I37: =SUM($G$37:$H$37) -> 912.52 | J37: =VLOOKUP(B37,М[],6,0) -> 0 | K37: =ROUND($I$37*$J$37,2) -> 0 | M37: Закупка подрядчик
B38: Работы: | K38: =SUM($K$39) -> 0
B39: Устройство стяжки - тип 2 | E39: м2 | G39: 472.05 | H39: 464.9 | I39: =SUM($G$39:$H$39) -> 936.95 | J39: {=INDEX(Р[Цена за ед., руб],MATCH(1,IF(($B39=Р[Наименование])*($L39=Р[Примечание]),{1},($B39=Р[Наименование])*($L39=Р[Примечание])),0))} -> 0 | K39: =ROUND($I$39*$J$39,2) -> 0 | L39: Тип 2 - теплоизоляция + стяжка + краевая изоляция. Вестибюль, колясочная, тамбур - 60 мм, лифтовой тамбур - 50 мм, нежелые помещения, помещения квартир: коридоры, кухни, комнаты, прихожие - 80 мм
B40: Материалы: | K40: =SUM($K$41:$K$47) -> 0
A41: 1 | B41: Лента клейкая армированная ТПЛ 48мм | D41: армированная ТПЛ 48мм | E41: м | F41: 1.05 | G41: 331.54 | H41: 429.85 | I41: =SUM($G$41:$H$41) -> 761.39 | J41: =VLOOKUP(B41,М[],6,0) -> 0 | K41: =ROUND($I$41*$J$41,2) -> 0 | M41: Закупка подрядчик
A42: 2 | B42: Пенополистирол экструзионный 50мм 30 кг/м3 | D42: экструзионный 50мм 30 кг/м3 | E42: м3 | F42: 1.03 | G42: 24.31 | H42: 23.95 | I42: =SUM($G$42:$H$42) -> 48.26 | J42: =VLOOKUP(B42,М[],6,0) -> 0 | K42: =ROUND($I$42*$J$42,2) -> 0 | M42: Закупка подрядчик
A43: 3 | B43: Цемент ПЦ-400 Д20 | D43: ПЦ-400 Д20 | E43: кг | F43: 460 | G43: 16440.45 | H43: 16035.28 | I43: =SUM($G$43:$H$43) -> 32475.73 | J43: =VLOOKUP(B43,М[],6,0) -> 0 | K43: =ROUND($I$43*$J$43,2) -> 0 | M43: Закупка подрядчик
A44: 4 | B44: Песок среднезернистый МК 1,7-2,0; ГЧ до 3% | D44: среднезернистый МК 1,7-2,0; ГЧ до 3% | E44: т | F44: 1.723 | G44: 61.57 | H44: 60.05 | I44: =SUM($G$44:$H$44) -> 121.62 | J44: =VLOOKUP(B44,М[],6,0) -> 0 | K44: =ROUND($I$44*$J$44,2) -> 0 | M44: Закупка подрядчик
A45: 5 | B45: Фиброволокно полипропиленовое 12мм | D45: полипропиленовое 12мм | E45: кг | F45: 0.4 | G45: 14.29 | H45: 13.95 | I45: =SUM($G$45:$H$45) -> 28.24 | J45: =VLOOKUP(B45,М[],6,0) -> 0 | K45: =ROUND($I$45*$J$45,2) -> 0 | M45: Закупка подрядчик
A46: 6 | B46: Лента кромочная демпферная 8х100мм 20м | D46: 8х100мм 20м | E46: шт | F46: 1.05 | G46: 17 | H46: 22 | I46: =SUM($G$46:$H$46) -> 39 | J46: =VLOOKUP(B46,М[],6,0) -> 0 | K46: =ROUND($I$46*$J$46,2) -> 0 | M46: Закупка подрядчик
A47: 7 | B47: Пластификатор противоморозный | D47: противоморозный | E47: л (дм3) | F47: 1 | G47: 35.74 | H47: 34.86 | I47: =SUM($G$47:$H$47) -> 70.6 | J47: =VLOOKUP(B47,М[],6,0) -> 0 | K47: =ROUND($I$47*$J$47,2) -> 0 | M47: Закупка подрядчик
B48: Работы: | K48: =SUM($K$49) -> 0
B49: Устройство стяжки - тип 3 | E49: м2 | G49: 32.86 | H49: 57.7 | I49: =SUM($G$49:$H$49) -> 90.56 | J49: {=INDEX(Р[Цена за ед., руб],MATCH(1,IF(($B49=Р[Наименование])*($L49=Р[Примечание]),{1},($B49=Р[Наименование])*($L49=Р[Примечание])),0))} -> 0 | K49: =ROUND($I$49*$J$49,2) -> 0 | L49: Тип 3 - теплоизоляция + обмазоч. изоляция за 2 раза с завед-ем на стены 300 мм/500 мм (по сеч-ю У-У) + стяжка. КУИ, сан.узлы (неж-е пом.1 эт.)-65 мм, сан.узлы (кв.1эт.), хол-е лоджии по сеч-ю У-У-80мм
B50: Материалы: | K50: =SUM($K$51:$K$58) -> 0
A51: 1 | B51: Пенополистирол экструзионный 50мм 30 кг/м3 | D51: экструзионный 50мм 30 кг/м3 | E51: м3 | F51: 1.03 | G51: 1.35 | H51: 2.63 | I51: =SUM($G$51:$H$51) -> 3.98 | J51: =VLOOKUP(B51,М[],6,0) -> 0 | K51: =ROUND($I$51*$J$51,2) -> 0 | M51: Закупка подрядчик
A52: 2 | B52: Пенополистирол экструзионный 100мм 30 кг/м3 | D52: экструзионный 100мм 30 кг/м3 | E52: м3 | F52: 1.03 | G52: 1.39 | H52: 1.37 | I52: =SUM($G$52:$H$52) -> 2.76 | J52: =VLOOKUP(B52,М[],6,0) -> 0 | K52: =ROUND($I$52*$J$52,2) -> 0 | M52: Закупка подрядчик
A53: 3 | B53: Лента гидроизоляционная 120х70мм | D53: 120х70мм | E53: пог. м | F53: 1.05 | G53: =(1.05+0.528)*G49 -> 51.85308 | H53: =(0.397+1.05)*H49 -> 83.4919 | I53: =SUM($G$53:$H$53) -> 135.34498 | J53: =VLOOKUP(B53,М[],6,0) -> 0 | K53: =ROUND($I$53*$J$53,2) -> 0 | M53: Закупка подрядчик
A54: 4 | B54: Гидроизоляция обмазочная цементная | C54: CR 65 Waterproof, Ceresit | D54: обмазочная цементная | E54: кг | F54: 4 | G54: 214.16 | H54: 329.28 | I54: =SUM($G$54:$H$54) -> 543.44 | J54: =VLOOKUP(B54,М[],6,0) -> 0 | K54: =ROUND($I$54*$J$54,2) -> 0 | L54: CR 65 Waterproof, Ceresit | M54: Закупка подрядчик
A55: 5 | B55: Цемент ПЦ-400 Д20 | D55: ПЦ-400 Д20 | E55: кг | F55: 460 | G55: 1031.37 | H55: 1945.25 | I55: =SUM($G$55:$H$55) -> 2976.62 | J55: =VLOOKUP(B55,М[],6,0) -> 0 | K55: =ROUND($I$55*$J$55,2) -> 0 | M55: Закупка подрядчик
A56: 6 | B56: Песок среднезернистый МК 1,7-2,0; ГЧ до 3% | D56: среднезернистый МК 1,7-2,0; ГЧ до 3% | E56: т | F56: 1.723 | G56: 3.86 | H56: 7.28 | I56: =SUM($G$56:$H$56) -> 11.14 | J56: =VLOOKUP(B56,М[],6,0) -> 0 | K56: =ROUND($I$56*$J$56,2) -> 0 | M56: Закупка подрядчик
A57: 7 | B57: Фиброволокно полипропиленовое 12мм | D57: полипропиленовое 12мм | E57: кг | F57: 0.4 | G57: 0.9 | H57: 1.69 | I57: =SUM($G$57:$H$57) -> 2.59 | J57: =VLOOKUP(B57,М[],6,0) -> 0 | K57: =ROUND($I$57*$J$57,2) -> 0 | M57: Закупка подрядчик
A58: 8 | B58: Пластификатор противоморозный | D58: противоморозный | E58: л (дм3) | F58: 1 | G58: 2.24 | H58: 4.23 | I58: =SUM($G$58:$H$58) -> 6.47 | J58: =VLOOKUP(B58,М[],6,0) -> 0 | K58: =ROUND($I$58*$J$58,2) -> 0 | M58: Закупка подрядчик
B59: Работы: | K59: =SUM($K$60) -> 0
B60: Устройство стяжки - тип 4 | E60: м2 | G60: 688.75 | H60: 1412.91 | I60: =SUM($G$60:$H$60) -> 2101.66 | J60: {=INDEX(Р[Цена за ед., руб],MATCH(1,IF(($B60=Р[Наименование])*($L60=Р[Примечание]),{1},($B60=Р[Наименование])*($L60=Р[Примечание])),0))} -> 0 | K60: =ROUND($I$60*$J$60,2) -> 0 | L60: Тип 4 - грунтовка + стяжка + краевая изоляция. Лестничная клетка - 60 мм, лифтовой тамбур, коридор типового этажа - 80 мм, электрощитовая, помещение связи - 135 мм, насосная, ИТП - 75 мм
B61: Материалы: | K61: =SUM($K$62:$K$68) -> 0
A62: 1 | B62: Лента клейкая армированная ТПЛ 48мм | D62: армированная ТПЛ 48мм | E62: м | F62: 1.05 | G62: 804.88 | H62: 1557.98 | I62: =SUM($G$62:$H$62) -> 2362.86 | J62: =VLOOKUP(B62,М[],6,0) -> 0 | K62: =ROUND($I$62*$J$62,2) -> 0 | M62: Закупка подрядчик
A63: 2 | B63: Грунтовка акриловая глуб. проникновения пр. плесени | D63: акриловая глуб. проникновения пр. плесени | E63: кг | F63: 0.15 | G63: 179.08 | H63: 346 | I63: =SUM($G$63:$H$63) -> 525.08 | J63: =VLOOKUP(B63,М[],6,0) -> 0 | K63: =ROUND($I$63*$J$63,2) -> 0 | M63: Закупка подрядчик
A64: 3 | B64: Цемент ПЦ-400 Д20 | D64: ПЦ-400 Д20 | E64: кг | F64: 460 | G64: 25004.64 | H64: 50641.36 | I64: =SUM($G$64:$H$64) -> 75646 | J64: =VLOOKUP(B64,М[],6,0) -> 0 | K64: =ROUND($I$64*$J$64,2) -> 0 | M64: Закупка подрядчик
A65: 4 | B65: Песок среднезернистый МК 1,7-2,0; ГЧ до 3% | D65: среднезернистый МК 1,7-2,0; ГЧ до 3% | E65: т | F65: 1.723 | G65: 93.6 | H65: 189.66 | I65: =SUM($G$65:$H$65) -> 283.26 | J65: =VLOOKUP(B65,М[],6,0) -> 0 | K65: =ROUND($I$65*$J$65,2) -> 0 | M65: Закупка подрядчик
A66: 5 | B66: Фиброволокно полипропиленовое 12мм | D66: полипропиленовое 12мм | E66: кг | F66: 0.4 | G66: 21.73 | H66: 43.97 | I66: =SUM($G$66:$H$66) -> 65.7 | J66: =VLOOKUP(B66,М[],6,0) -> 0 | K66: =ROUND($I$66*$J$66,2) -> 0 | M66: Закупка подрядчик
A67: 6 | B67: Лента кромочная демпферная 8х100мм 20м | D67: 8х100мм 20м | E67: шт | F67: 1.05 | G67: 45 | H67: 84 | I67: =SUM($G$67:$H$67) -> 129 | J67: =VLOOKUP(B67,М[],6,0) -> 0 | K67: =ROUND($I$67*$J$67,2) -> 0 | M67: Закупка подрядчик
A68: 7 | B68: Пластификатор противоморозный | D68: противоморозный | E68: л (дм3) | F68: 1 | G68: 54.31 | H68: 110.13 | I68: =SUM($G$68:$H$68) -> 164.44 | J68: =VLOOKUP(B68,М[],6,0) -> 0 | K68: =ROUND($I$68*$J$68,2) -> 0 | M68: Закупка подрядчик
A69: 09.01.02 | B69: Устройство стяжки на балконах | K69: =SUM($K$70) -> 0
A70: 09.01.02.00 | B70: Устройство стяжки на балконах | K70: =SUM($K$79,$K$77,$K$73,$K$71) -> 0
B71: Работы: | K71: =SUM($K$72) -> 0
B72: Изоляция для стяжки на открытых балконах | E72: м2 | G72: 256.25 | H72: 404.09 | I72: =SUM($G$72:$H$72) -> 660.34 | J72: {=INDEX(Р[Цена за ед., руб],MATCH(1,IF(($B72=Р[Наименование])*($L72=Р[Примечание]),{1},($B72=Р[Наименование])*($L72=Р[Примечание])),0))} -> 0 | K72: =ROUND($I$72*$J$72,2) -> 0 | L72: в 1 слой
B73: Материалы: | K73: =SUM($K$74:$K$76) -> 0
A74: 1 | B74: Гидроизоляция оклеечная | D74: оклеечная | E74: м2 | F74: 1.1 | G74: 281.88 | H74: 444.49 | I74: =SUM($G$74:$H$74) -> 726.37 | J74: =VLOOKUP(B74,М[],6,0) -> 0 | K74: =ROUND($I$74*$J$74,2) -> 0 | L74: Технониколь Master | M74: Закупка подрядчик
A75: 2 | B75: Праймер битумный | D75: битумный | E75: л (дм3) | F75: 0.3 | G75: =G72*F75 -> 76.875 | H75: =H72*F75 -> 121.227 | I75: =SUM($G$75:$H$75) -> 198.102 | J75: =VLOOKUP(B75,М[],6,0) -> 0 | K75: =ROUND($I$75*$J$75,2) -> 0 | L75: Технониколь | M75: Закупка подрядчик
A76: 3 | B76: Герметик акриловый | D76: акриловый | E76: туб. | F76: 2.175 | G76: 203 | H76: 344 | I76: =SUM($G$76:$H$76) -> 547 | J76: =VLOOKUP(B76,М[],6,0) -> 0 | K76: =ROUND($I$76*$J$76,2) -> 0 | L76: Стиз А, туба - 600 мл | M76: Закупка подрядчик
B77: Работы: | K77: =SUM($K$78) -> 0
B78: Устройство стяжки на открытых балконах | E78: м2 | G78: 209.9 | H78: 331.07 | I78: =SUM($G$78:$H$78) -> 540.97 | J78: {=INDEX(Р[Цена за ед., руб],MATCH(1,IF(($B78=Р[Наименование])*($L78=Р[Примечание]),{1},($B78=Р[Наименование])*($L78=Р[Примечание])),0))} -> 0 | K78: =ROUND($I$78*$J$78,2) -> 0
B79: Материалы: | K79: =SUM($K$80:$K$84) -> 0
A80: 1 | B80: Сетка кладочная сварная Вр-1 50х50х2 | D80: кладочная сварная Вр-1 50х50х2 | E80: м2 | F80: 1.1 | G80: 230.89 | H80: 364.18 | I80: =SUM($G$80:$H$80) -> 595.07 | J80: =VLOOKUP(B80,М[],6,0) -> 0 | K80: =ROUND($I$80*$J$80,2) -> 0 | M80: Закупка подрядчик
A81: 2 | B81: Грунтовка акриловая БетонКонтакт | D81: акриловая БетонКонтакт | E81: кг | F81: 0.35 | G81: 73.47 | H81: 115.87 | I81: =SUM($G$81:$H$81) -> 189.34 | J81: =VLOOKUP(B81,М[],6,0) -> 0 | K81: =ROUND($I$81*$J$81,2) -> 0 | M81: Закупка подрядчик
A82: 3 | B82: Цемент ПЦ-400 Д20 | D82: ПЦ-400 Д20 | E82: кг | F82: 460 | G82: 3862.16 | H82: 6091.69 | I82: =SUM($G$82:$H$82) -> 9953.85 | J82: =VLOOKUP(B82,М[],6,0) -> 0 | K82: =ROUND($I$82*$J$82,2) -> 0 | M82: Закупка подрядчик
A83: 4 | B83: Песок среднезернистый МК 1,7-2,0; ГЧ до 3% | D83: среднезернистый МК 1,7-2,0; ГЧ до 3% | E83: т | F83: 1.723 | G83: 14.46 | H83: 22.81 | I83: =SUM($G$83:$H$83) -> 37.27 | J83: =VLOOKUP(B83,М[],6,0) -> 0 | K83: =ROUND($I$83*$J$83,2) -> 0 | M83: Закупка подрядчик
A84: 5 | B84: Пластификатор противоморозный | D84: противоморозный | E84: л (дм3) | F84: 1 | G84: 8.4 | H84: 13.24 | I84: =SUM($G$84:$H$84) -> 21.64 | J84: =VLOOKUP(B84,М[],6,0) -> 0 | K84: =ROUND($I$84*$J$84,2) -> 0 | M84: Закупка подрядчик
A85: 09.01.99 | B85: Прочие работы | K85: =SUM($K$86) -> 0
A86: 09.01.99.00 | B86: Прочие работы | K86: =SUM($K$89,$K$87) -> 0
B87: Работы: | K87: =SUM($K$88) -> 0
B88: Монтаж уголка с огрунтовкой и окраской | E88: пог. м | G88: 26.4 | H88: 46.8 | I88: =SUM($G$88:$H$88) -> 73.2 | J88: {=INDEX(Р[Цена за ед., руб],MATCH(1,IF(($B88=Р[Наименование])*($L88=Р[Примечание]),{1},($B88=Р[Наименование])*($L88=Р[Примечание])),0))} -> 0 | K88: =ROUND($I$88*$J$88,2) -> 0
B89: Материалы: | K89: =SUM($K$90:$K$93) -> 0
A90: 1 | B90: Уголок стальной 63х63х5 | D90: 63х63х5 | E90: кг | F90: 1.04 | G90: 132.06 | H90: 234.11 | I90: =SUM($G$90:$H$90) -> 366.17 | J90: =VLOOKUP(B90,М[],6,0) -> 0 | K90: =ROUND($I$90*$J$90,2) -> 0 | M90: Закупка подрядчик
A91: 2 | B91: Грунтовка алкидная ГФ-021 | D91: алкидная ГФ-021 | E91: кг | F91: 0.08 | G91: 0.53 | H91: 0.94 | I91: =SUM($G$91:$H$91) -> 1.47 | J91: =VLOOKUP(B91,М[],6,0) -> 0 | K91: =ROUND($I$91*$J$91,2) -> 0 | M91: Закупка подрядчик
A92: 3 | B92: Электроды Э42 Ø4мм | D92: Э42 Ø4мм | E92: кг | F92: 0.02 | G92: 2.64 | H92: 4.68 | I92: =SUM($G$92:$H$92) -> 7.32 | J92: =VLOOKUP(B92,М[],6,0) -> 0 | K92: =ROUND($I$92*$J$92,2) -> 0 | M92: Закупка подрядчик
A93: 4 | B93: Эмаль по металлу RAL7035 | D93: по металлу RAL7035 | E93: л (дм3) | F93: 0.3 | G93: 2 | H93: 3.54 | I93: =SUM($G$93:$H$93) -> 5.54 | J93: =VLOOKUP(B93,М[],6,0) -> 0 | K93: =ROUND($I$93*$J$93,2) -> 0 | M93: Закупка подрядчик
I94: ИТОГО по сметному расчету: | K94: =$K$9 -> 0
I95: в т.ч.НДС%:
I96: Всего стоимость работ | K96: =SUM($K$87,$K$77,$K$71,$K$59,$K$48,$K$38,$K$27,$K$23,$K$18,$K$12) -> 0
I97: Всего стоимость материалов | K97: =SUM($K$89,$K$79,$K$73,$K$61,$K$50,$K$40,$K$29,$K$25,$K$20,$K$14) -> 0
B98: Расценки на работы включают:
B102: Комплекс работ по устройству стяжки включает:
B103: Устройство полусухой выравнивающей стяжки, укладка рулонной звукоизоляции по полу, устройство краевой и обмазочной изоляции. Заделка тех. отверстий в плите. Монтаж уголка с огрунтовкой и окраской (ral в соответсвии с проектом или по согласованию с главным архитектором и руководителем проекта).
B104: Примечание:
B105: При производстве работ учитывать:
A106: 1 | B106: Стяжка армированная фиброволокном М200
...

Sheet Работы
A1: Сводная ведомость объемов работ
A3: Наименование | B3: Ед. изм. | C3: Количество | D3: Цена за ед., руб | E3: Сумма, руб | F3: Примечание
A4: Заделка тех. отверстий | B4: м3 | C4: 5.98 | E4: =ROUND(Р[[#This Row],[Количество]]*Р[[#This Row],[Цена за ед., руб]],2) -> 0
A5: Изоляция для стяжки | B5: м2 | C5: 2574.31 | E5: =ROUND(Р[[#This Row],[Количество]]*Р[[#This Row],[Цена за ед., руб]],2) -> 0 | F5: С заведением на стены 300 мм за 2 раза
A6: Устройство сетки | B6: м2 | C6: 4925.67 | E6: =ROUND(Р[[#This Row],[Количество]]*Р[[#This Row],[Цена за ед., руб]],2) -> 0
A7: Устройство стяжки - тип 1 | B7: м2 | C7: 11405.61 | E7: =ROUND(Р[[#This Row],[Количество]]*Р[[#This Row],[Цена за ед., руб]],2) -> 0 | F7: Тип 1 - вспененный полиэтилен + стяжка + краевая изоляция. Помещения квартир: коридоры, кухни, комнаты, прихожие, лоджии (теплые) типовой этаж - 80 мм
A8: Устройство стяжки - тип 2 | B8: м2 | C8: 936.95 | E8: =ROUND(Р[[#This Row],[Количество]]*Р[[#This Row],[Цена за ед., руб]],2) -> 0 | F8: Тип 2 - теплоизоляция + стяжка + краевая изоляция. Вестибюль, колясочная, тамбур - 60 мм, лифтовой тамбур - 50 мм, нежелые помещения, помещения квартир: коридоры, кухни, комнаты, прихожие - 80 мм
A9: Устройство стяжки - тип 3 | B9: м2 | C9: 90.56 | E9: =ROUND(Р[[#This Row],[Количество]]*Р[[#This Row],[Цена за ед., руб]],2) -> 0 | F9: Тип 3 - теплоизоляция + обмазоч. изоляция за 2 раза с завед-ем на стены 300 мм/500 мм (по сеч-ю У-У) + стяжка. КУИ, сан.узлы (неж-е пом.1 эт.)-65 мм, сан.узлы (кв.1эт.), хол-е лоджии по сеч-ю У-У-80мм
A10: Устройство стяжки - тип 4 | B10: м2 | C10: 2101.66 | E10: =ROUND(Р[[#This Row],[Количество]]*Р[[#This Row],[Цена за ед., руб]],2) -> 0 | F10: Тип 4 - грунтовка + стяжка + краевая изоляция. Лестничная клетка - 60 мм, лифтовой тамбур, коридор типового этажа - 80 мм, электрощитовая, помещение связи - 135 мм, насосная, ИТП - 75 мм
A11: Изоляция для стяжки на открытых балконах | B11: м2 | C11: 660.34 | E11: =ROUND(Р[[#This Row],[Количество]]*Р[[#This Row],[Цена за ед., руб]],2) -> 0 | F11: в 1 слой
A12: Устройство стяжки на открытых балконах | B12: м2 | C12: 540.97 | E12: =ROUND(Р[[#This Row],[Количество]]*Р[[#This Row],[Цена за ед., руб]],2) -> 0
A13: Монтаж уголка с огрунтовкой и окраской | B13: пог. м | C13: 73.2 | E13: =ROUND(Р[[#This Row],[Количество]]*Р[[#This Row],[Цена за ед., руб]],2) -> 0
A14: Итог | D14: Итого: | E14: =SUBTOTAL(109,Р[Сумма, руб]) -> 0
D15: Проверка: | E15: =Р[[#Totals],[Сумма, руб]]-ЛСР!K96 -> 0

Sheet Материалы
A1: Сводная ведомость объемов материала
A3: Наим. | B3: Артикул, марка, произв. | C3: Хар-ка | D3: Ед. изм. | E3: Количество | F3: Цена за ед., руб | G3: Сумма, руб | H3: Прим. | I3: Форма закупа
A4: Арматура | B4: =VLOOKUP(М[[#This Row],[Наим.]],ЛСР!$B$6:$M$93,2,0) -> 0 | C4: =VLOOKUP(М[[#This Row],[Наим.]],ЛСР!$B$6:$M$93,3,0) -> А500С Ø8 ГОСТ 34028-2016 | D4: =VLOOKUP(М[[#This Row],[Наим.]],ЛСР!$B$6:$M$93,4,0) -> т | E4: =SUMIF(ЛСР!$B$6:$B$93,$A4,ЛСР!$I$6:$I$93) -> 0.108 | G4: =ROUND(М[[#This Row],[Количество]]*М[[#This Row],[Цена за ед., руб]],2) -> 0 | H4: =VLOOKUP(М[[#This Row],[Наим.]],ЛСР!$B$6:$M$93,11,0) -> 0 | I4: =VLOOKUP(М[[#This Row],[Наим.]],ЛСР!$B$6:$M$93,12,0) -> Закупка подрядчик
A5: Бетон БСТ B20 | B5: =VLOOKUP(М[[#This Row],[Наим.]],ЛСР!$B$6:$M$93,2,0) -> 0 | C5: =VLOOKUP(М[[#This Row],[Наим.]],ЛСР!$B$6:$M$93,3,0) -> БСТ B20 | D5: =VLOOKUP(М[[#This Row],[Наим.]],ЛСР!$B$6:$M$93,4,0) -> м3 | E5: =SUMIF(ЛСР!$B$6:$B$93,$A5,ЛСР!$I$6:$I$93) -> 6.08 | G5: =ROUND(М[[#This Row],[Количество]]*М[[#This Row],[Цена за ед., руб]],2) -> 0 | H5: =VLOOKUP(М[[#This Row],[Наим.]],ЛСР!$B$6:$M$93,11,0) -> 0 | I5: =VLOOKUP(М[[#This Row],[Наим.]],ЛСР!$B$6:$M$93,12,0) -> Закупка подрядчик
A6: Сетка кладочная сварная Вр-1 50х50х2 | B6: =VLOOKUP(М[[#This Row],[Наим.]],ЛСР!$B$6:$M$93,2,0) -> 0 | C6: =VLOOKUP(М[[#This Row],[Наим.]],ЛСР!$B$6:$M$93,3,0) -> кладочная сварная Вр-1 50х50х2 | D6: =VLOOKUP(М[[#This Row],[Наим.]],ЛСР!$B$6:$M$93,4,0) -> м2 | E6: =SUMIF(ЛСР!$B$6:$B$93,$A6,ЛСР!$I$6:$I$93) -> 631.62 | G6: =ROUND(М[[#This Row],[Количество]]*М[[#This Row],[Цена за ед., руб]],2) -> 0 | H6: =VLOOKUP(М[[#This Row],[Наим.]],ЛСР!$B$6:$M$93,11,0) -> 0 | I6: =VLOOKUP(М[[#This Row],[Наим.]],ЛСР!$B$6:$M$93,12,0) -> Закупка подрядчик
A7: Лента гидроизоляционная 120х70мм | B7: =VLOOKUP(М[[#This Row],[Наим.]],ЛСР!$B$6:$M$93,2,0) -> 0 | C7: =VLOOKUP(М[[#This Row],[Наим.]],ЛСР!$B$6:$M$93,3,0) -> 120х70мм | D7: =VLOOKUP(М[[#This Row],[Наим.]],ЛСР!$B$6:$M$93,4,0) -> пог. м | E7: =SUMIF(ЛСР!$B$6:$B$93,$A7,ЛСР!$I$6:$I$93) -> 3450.9738 | G7: =ROUND(М[[#This Row],[Количество]]*М[[#This Row],[Цена за ед., руб]],2) -> 0 | H7: =VLOOKUP(М[[#This Row],[Наим.]],ЛСР!$B$6:$M$93,11,0) -> 0 | I7: =VLOOKUP(М[[#This Row],[Наим.]],ЛСР!$B$6:$M$93,12,0) -> Закупка подрядчик
A8: Гидроизоляция обмазочная цементная | B8: =VLOOKUP(М[[#This Row],[Наим.]],ЛСР!$B$6:$M$93,2,0) -> CR 65 Waterproof, Ceresit | C8: =VLOOKUP(М[[#This Row],[Наим.]],ЛСР!$B$6:$M$93,3,0) -> обмазочная цементная | D8: =VLOOKUP(М[[#This Row],[Наим.]],ЛСР!$B$6:$M$93,4,0) -> кг | E8: =SUMIF(ЛСР!$B$6:$B$93,$A8,ЛСР!$I$6:$I$93) -> 10840.68 | G8: =ROUND(М[[#This Row],[Количество]]*М[[#This Row],[Цена за ед., руб]],2) -> 0 | H8: =VLOOKUP(М[[#This Row],[Наим.]],ЛСР!$B$6:$M$93,11,0) -> CR 65 Waterproof, Ceresit | I8: =VLOOKUP(М[[#This Row],[Наим.]],ЛСР!$B$6:$M$93,12,0) -> Закупка подрядчик
A9: Сетка ЦПВС оцинк. 20х0,7х0,3 | B9: =VLOOKUP(М[[#This Row],[Наим.]],ЛСР!$B$6:$M$93,2,0) -> 0 | C9: =VLOOKUP(М[[#This Row],[Наим.]],ЛСР!$B$6:$M$93,3,0) -> ЦПВС оцинк. 20х0,7х0,3 | D9: =VLOOKUP(М[[#This Row],[Наим.]],ЛСР!$B$6:$M$93,4,0) -> м2 | E9: =SUMIF(ЛСР!$B$6:$B$93,$A9,ЛСР!$I$6:$I$93) -> 5172.08 | G9: =ROUND(М[[#This Row],[Количество]]*М[[#This Row],[Цена за ед., руб]],2) -> 0 | H9: =VLOOKUP(М[[#This Row],[Наим.]],ЛСР!$B$6:$M$93,11,0) -> 0 | I9: =VLOOKUP(М[[#This Row],[Наим.]],ЛСР!$B$6:$M$93,12,0) -> Закупка подрядчик
A10: Лента клейкая армированная ТПЛ 48мм | B10: =VLOOKUP(М[[#This Row],[Наим.]],ЛСР!$B$6:$M$93,2,0) -> 0 | C10: =VLOOKUP(М[[#This Row],[Наим.]],ЛСР!$B$6:$M$93,3,0) -> армированная ТПЛ 48мм | D10: =VLOOKUP(М[[#This Row],[Наим.]],ЛСР!$B$6:$M$93,4,0) -> м | E10: =SUMIF(ЛСР!$B$6:$B$93,$A10,ЛСР!$I$6:$I$93) -> 25134.02 | G10: =ROUND(М[[#This Row],[Количество]]*М[[#This Row],[Цена за ед., руб]],2) -> 0 | H10: =VLOOKUP(М[[#This Row],[Наим.]],ЛСР!$B$6:$M$93,11,0) -> 0 | I10: =VLOOKUP(М[[#This Row],[Наим.]],ЛСР!$B$6:$M$93,12,0) -> Закупка подрядчик
A11: Цемент ПЦ-400 Д20 | B11: =VLOOKUP(М[[#This Row],[Наим.]],ЛСР!$B$6:$M$93,2,0) -> 0 | C11: =VLOOKUP(М[[#This Row],[Наим.]],ЛСР!$B$6:$M$93,3,0) -> ПЦ-400 Д20 | D11: =VLOOKUP(М[[#This Row],[Наим.]],ЛСР!$B$6:$M$93,4,0) -> кг | E11: =SUMIF(ЛСР!$B$6:$B$93,$A11,ЛСР!$I$6:$I$93) -> 540804.99 | G11: =ROUND(М[[#This Row],[Количество]]*М[[#This Row],[Цена за ед., руб]],2) -> 0 | H11: =VLOOKUP(М[[#This Row],[Наим.]],ЛСР!$B$6:$M$93,11,0) -> 0 | I11: =VLOOKUP(М[[#This Row],[Наим.]],ЛСР!$B$6:$M$93,12,0) -> Закупка подрядчик
A12: Песок среднезернистый МК 1,7-2,0; ГЧ до 3% | B12: =VLOOKUP(М[[#This Row],[Наим.]],ЛСР!$B$6:$M$93,2,0) -> 0 | C12: =VLOOKUP(М[[#This Row],[Наим.]],ЛСР!$B$6:$M$93,3,0) -> среднезернистый МК 1,7-2,0; ГЧ до 3% | D12: =VLOOKUP(М[[#This Row],[Наим.]],ЛСР!$B$6:$M$93,4,0) -> т | E12: =SUMIF(ЛСР!$B$6:$B$93,$A12,ЛСР!$I$6:$I$93) -> 2025.16 | G12: =ROUND(М[[#This Row],[Количество]]*М[[#This Row],[Цена за ед., руб]],2) -> 0 | H12: =VLOOKUP(М[[#This Row],[Наим.]],ЛСР!$B$6:$M$93,11,0) -> 0 | I12: =VLOOKUP(М[[#This Row],[Наим.]],ЛСР!$B$6:$M$93,12,0) -> Закупка подрядчик
A13: Полиэтилен вспененный химически сшитый 10мм | B13: =VLOOKUP(М[[#This Row],[Наим.]],ЛСР!$B$6:$M$93,2,0) -> 0 | C13: =VLOOKUP(М[[#This Row],[Наим.]],ЛСР!$B$6:$M$93,3,0) -> химически сшитый 10мм | D13: =VLOOKUP(М[[#This Row],[Наим.]],ЛСР!$B$6:$M$93,4,0) -> м2 | E13: =SUMIF(ЛСР!$B$6:$B$93,$A13,ЛСР!$I$6:$I$93) -> 11975.87 | G13: =ROUND(М[[#This Row],[Количество]]*М[[#This Row],[Цена за ед., руб]],2) -> 0 | H13: =VLOOKUP(М[[#This Row],[Наим.]],ЛСР!$B$6:$M$93,11,0) -> 0 | I13: =VLOOKUP(М[[#This Row],[Наим.]],ЛСР!$B$6:$M$93,12,0) -> Закупка подрядчик
A14: Герметик акриловый | B14: =VLOOKUP(М[[#This Row],[Наим.]],ЛСР!$B$6:$M$93,2,0) -> 0 | C14: =VLOOKUP(М[[#This Row],[Наим.]],ЛСР!$B$6:$M$93,3,0) -> акриловый | D14: =VLOOKUP(М[[#This Row],[Наим.]],ЛСР!$B$6:$M$93,4,0) -> туб. | E14: =SUMIF(ЛСР!$B$6:$B$93,$A14,ЛСР!$I$6:$I$93) -> 1081 | G14: =ROUND(М[[#This Row],[Количество]]*М[[#This Row],[Цена за ед., руб]],2) -> 0 | H14: =VLOOKUP(М[[#This Row],[Наим.]],ЛСР!$B$6:$M$93,11,0) -> Стиз В, туба - 600 мл - наносится внутри квартиры у оконного блока открытого балкона | I14: =VLOOKUP(М[[#This Row],[Наим.]],ЛСР!$B$6:$M$93,12,0) -> Закупка подрядчик
A15: Фиброволокно полипропиленовое 12мм | B15: =VLOOKUP(М[[#This Row],[Наим.]],ЛСР!$B$6:$M$93,2,0) -> 0 | C15: =VLOOKUP(М[[#This Row],[Наим.]],ЛСР!$B$6:$M$93,3,0) -> полипропиленовое 12мм | D15: =VLOOKUP(М[[#This Row],[Наим.]],ЛСР!$B$6:$M$93,4,0) -> кг | E15: =SUMIF(ЛСР!$B$6:$B$93,$A15,ЛСР!$I$6:$I$93) -> 461.56 | G15: =ROUND(М[[#This Row],[Количество]]*М[[#This Row],[Цена за ед., руб]],2) -> 0 | H15: =VLOOKUP(М[[#This Row],[Наим.]],ЛСР!$B$6:$M$93,11,0) -> 0 | I15: =VLOOKUP(М[[#This Row],[Наим.]],ЛСР!$B$6:$M$93,12,0) -> Закупка подрядчик
... A27: Эмаль по металлу RAL7035 | B27: =VLOOKUP(М[[#This Row],[Наим.]],ЛСР!$B$6:$M$93,2,0) -> 0 | C27: =VLOOKUP(М[[#This Row],[Наим.]],ЛСР!$B$6:$M$93,3,0) -> по металлу RAL7035 | D27: =VLOOKUP(М[[#This Row],[Наим.]],ЛСР!$B$6:$M$93,4,0) -> л (дм3) | E27: =SUMIF(ЛСР!$B$6:$B$93,$A27,ЛСР!$I$6:$I$93) -> 5.54 | G27: =ROUND(М[[#This Row],[Количество]]*М[[#This Row],[Цена за ед., руб]],2) -> 0 | H27: =VLOOKUP(М[[#This Row],[Наим.]],ЛСР!$B$6:$M$93,11,0) -> 0 | I27: =VLOOKUP(М[[#This Row],[Наим.]],ЛСР!$B$6:$M$93,12,0) -> Закупка подрядчик
A28: Итог | F28: Итого: | G28: =SUBTOTAL(109,М[Сумма, руб]) -> 0
F29: Проверка: | G29: =М[[#Totals],[Сумма, руб]]-ЛСР!K97 -> 0

Sheet ПараметрыЗагрузки
A1: ЛСР | B1: ЛСРГуид
A2: ГП-72.214.01.09.01 Секция 1_Черновая отделка полов №1 | B2: 9961ea65-1172-11f1-9618-db392af1e994
A3: ГП-72.214.02.09.01 Секция 2_Черновая отделка полов №1 | B3: 9f9b2061-1172-11f1-9618-db392af1e994
